 Dungeon Crawl Stone Soup version 0.26.0-10-g1f06aea511 (webtiles) character file.

Game seed: 617718019597389298

3167 Borgoz the Slasher (level 9, -3/78 HPs)
             Began as a Ghoul Gladiator on Jan 15, 2021.
             Was an Initiate of Okawaru.
             Slain by a wolf (9 damage)
             ... led by Grum
             ... on level 8 of the Dungeon.
             The game lasted 00:15:02 (8712 turns).

Borgoz the Slasher (Ghoul Gladiator)                Turns: 8712, Time: 00:15:02

Health: -3/78      AC:  9    Str: 18    XL:     9   Next: 94%
Magic:  9/9        EV: 15    Int:  9    God:    Okawaru [......]
Gold:   343        SH:  0    Dex: 13    Spells: 8/8 levels left

rFire    . . .     SeeInvis .   a - +0 great sword
rCold    + . .     Faith    .   (shield currently unavailable)
rNeg     + + +     Spirit   .   j - +3 leather armour
rPois    ∞         Reflect  .   c - +0 helmet
rElec    .         Harm     .   (no cloak)
rCorr    .         Rampage  .   (no gloves)
Will     .....                  p - +0 pair of boots
Stlth    +.........             (no amulet)
HPRegen  0.00/turn              b - +6 ring of intelligence
MPRegen  0.11/turn              (no ring)

@: hasted, very quick
A: claws 1, cold resistance 1, negative energy resistance 3, inhibited
regeneration, torment resistance, unbreathing
a: Renounce Religion


You were on level 8 of the Dungeon.
You worshipped Okawaru.
Okawaru was noncommittal.
You visited 2 branches of the dungeon, and saw 9 of its levels.

You collected 343 gold pieces.

Inventory:

Hand Weapons
 a - a +0 great sword (weapon)
Missiles
 d - 2 throwing nets (quivered)
Armour
 c - a +0 helmet (worn)
 j - a +3 leather armour (worn)
 p - a +0 pair of boots (worn)
Jewellery
 b - a +6 ring of intelligence (left claw)
Wands
 q - a wand of acid (9)
 t - a wand of flame (29)
Scrolls
 g - 4 scrolls of enchant weapon
 h - 4 scrolls of blinking
 i - 6 scrolls of teleportation
 m - a scroll of magic mapping
 n - 2 scrolls of remove curse
 o - a scroll of fog
 r - 2 scrolls of enchant armour
Potions
 f - 4 potions of flight
 k - 2 potions of invisibility
 s - 2 potions of brilliance


   Skills:
 * Level 6.4 Fighting
 * Level 7.5 Long Blades
 - Level 1.7 Throwing
 * Level 6.9 Armour
 * Level 5.9 Dodging
 + Level 1.6 Invocations


You had 8 spell levels left.
You didn't know any spells.
Your spell library contained the following spells:

 Spells                   Type           Power        Failure   Level
 Animate Skeleton         Necr           0%           43%         1
 Freeze                   Ice            0%           43%         1
 Magic Dart               Conj           0%           43%         1
 Pain                     Necr           0%           43%         1
 Blink                    Tloc           N/A          56%         2
 Call Imp                 Summ           0%           56%         2
 Slow                     Hex            0%           56%         2
 Conjure Flame            Conj/Fire      0%           80%         3
 Frozen Ramparts          Ice            0%           80%         3
 Mephitic Cloud           Conj/Pois/Air  0%           80%         3
 Ozocubu's Armour         Ice            0%           80%         3
 Vampiric Draining        Necr           0%           80%         3
 Animate Dead             Necr           0%           99%         4
 Hailstorm                Conj/Ice       0%           99%         4
 Summon Ice Beast         Ice/Summ       0%           99%         4
 Agony                    Necr           0%           100%        5


Dungeon Overview and Level Annotations

Branches:
Dungeon (8/15)             Temple (1/1) D:5
   Lair: D:8-11

Altars:
Dithmenos
Elyvilon
Gozag
Hepliaklqana
Makhleb
Nemelex Xobeh
Okawaru
Sif Muna
Trog
Vehumet
Wu Jian
Xom
Yredelemnul
Zin
The Shining One
Lugonu

Annotations:
D:8 Grum


Innate Abilities, Weirdness & Mutations

You thrive by killing the living.
You are immune to poison.
You have sharp fingernails.
Your flesh is cold resistant. (rC+)
You are immune to negative energy. (rN+++)
You do not regenerate when monsters are visible.
You are immune to unholy pain and torment.
You can survive without breathing.


Message History

The wolf is severely wounded.
The wolf bites you!
* * * LOW HITPOINT WARNING * * *
The wolf bites you but does no damage. The wolf bites you.
* * * LOW HITPOINT WARNING * * *
You feel yourself speed up. The wolf bites you.
* * * LOW HITPOINT WARNING * * *
The wolf misses you.
You riposte.
You slash the wolf!
The wolf is severely wounded.
Grum hits you from afar with a +1 spear!
* * * LOW HITPOINT WARNING * * *
The wolf closely misses you.
You riposte.
You closely miss the wolf.
The wolf is severely wounded.
The wolf closely misses you.
You riposte.
You barely miss the wolf.
The wolf is severely wounded.
The wolf closely misses you.
You feel better. The wolf misses you.
You riposte.
You miss the wolf.
The wolf is severely wounded.
The wolf bites you!
You die...

#....... ##......
#......#
######......##
.............#
#...........## $
#....h.....# ..
#...hh@....#
...#####..g###...#
..........##
#...## #......##
##....## ##....(#
##.[....# ##....#
#.<.##..#
#....##...## #..#
......#...## ....
..........# #..


You could see Grum and 3 wolves.

Vanquished Creatures
  Menkaure (D:7)
  A water moccasin (D:6)
  Edmund (D:4)
  An ice beast (D:5)
  2 sky beasts
  5 ogres
  3 centaurs
  3 bullfrogs
  2 scorpions
  A water moccasin skeleton (D:4)
  4 killer bees (D:7)
  4 wights (D:6)
  3 howler monkeys
  A bullfrog zombie (D:5)
  2 hounds
  9 orc wizards
  A centaur skeleton (D:4)
  3 orc priests
  A gnoll shaman (D:7)
  An iguana (D:6)
  5 worker ants
  A killer bee zombie (D:6)
  14 gnolls
  2 worker ant zombies
  13 adders
  A shadow imp (D:6)
  3 ufetubi
  An ooze (D:3)
  An adder zombie (D:7)
  3 adder skeletons
  10 dart slugs
  6 leopard geckos
  19 orcs
  A ball python (D:4)
  9 bats
  10 giant cockroaches
  10 goblins
  9 hobgoblins
  7 jackals
  9 kobolds
  3 quokkas
  4 frilled lizards
  A quokka zombie (D:7)
  8 rats
199 creatures vanquished.

Vanquished Creatures (others)
  3 plants (D:6)
3 creatures vanquished.

Grand Total: 202 creatures vanquished

Notes
Turn   | Place    | Note
-------+----------+-------------------------------------------
     0 | D:1      | Borgoz the Ghoul Gladiator began the quest for the Orb.
     0 | D:1      | Reached XP level 1. HP: 17/17 MP: 0/0
   103 | D:1      | Reached XP level 2. HP: 24/24 MP: 1/1
   235 | D:1      | Reached skill level 3 in Long Blades
   398 | D:1      | Reached skill level 1 in Armour
   491 | D:1      | Reached XP level 3. HP: 30/30 MP: 2/2
  1105 | D:2      | Found a glowing silver altar of Zin.
  1364 | D:2      | Reached XP level 4. HP: 37/37 MP: 3/3
  1474 | D:2      | Found a burning altar of Makhleb.
  1838 | D:3      | Reached XP level 5. HP: 44/44 MP: 4/4
  2147 | D:3      | Reached skill level 4 in Long Blades
  2444 | D:3      | Found a bloodstained altar of Trog.
  2506 | D:3      | Reached XP level 6. HP: 51/51 MP: 5/5
  3037 | D:4      | Reached XP level 7. HP: 52/58 MP: 6/6
  3800 | D:4      | Reached skill level 5 in Long Blades
  4116 | D:4      | Found an ornate altar of the Wu Jian Council.
  4264 | D:5      | Entered Level 5 of the Dungeon
  4264 | D:5      | Noticed Edmund
  4309 | D:4      | Killed Edmund
  4552 | D:5      | Reached XP level 8. HP: 67/67 MP: 7/7
  4697 | D:5      | Reached skill level 5 in Armour
  4714 | D:5      | Reached skill level 6 in Long Blades
  5176 | D:5      | Reached skill level 5 in Fighting
  5185 | D:5      | Found a staircase to the Ecumenical Temple.
  5202 | Temple   | Entered the Ecumenical Temple
  5712 | D:6      | Reached XP level 9. HP: 54/74 MP: 8/8
  5820 | D:6      | Reached skill level 5 in Dodging
  5926 | D:6      | Found a shadowy altar of Dithmenos.
  5996 | D:6      | Found a sparkling altar of Nemelex Xobeh.
  6044 | D:6      | Found an opulent altar of Gozag.
  6084 | D:6      | Found an iron altar of Okawaru.
  6546 | D:6      | Reached skill level 7 in Long Blades
  7274 | D:6      | Became a worshipper of Warmaster Okawaru
  7869 | D:7      | Reached skill level 1 in Invocations
  8415 | D:7      | Found a shimmering altar of Xom.
  8534 | D:7      | Noticed Menkaure
  8539 | D:7      | Killed Menkaure
  8696 | D:8      | Noticed Grum
  8709 | D:8      | HP: 1/78 [Grum/+1 spear (14)]
  8712 | D:8      | Slain by a wolf

Illustrated notes

Levels and vault maps discovered:
D:1:      grunt_arrival_crossed_arrows, layout_basic
D:2:      layout_rooms, lemuel_coloured_pillars_altar, old_standard_altar
D:3:      kennysheep_slugbush, layout_basic, nicolae_overflow_hidden_temple
D:4:      layout_cave_pools, marbit_many_paths, chequers_serial_rivers_small_b
D:5:      layout_rooms, minmay_temple_entry_glassed_door, uniq_edmund
D:6:      corexii_shack_village, layout_basic, lemuel_crystal_altar,
          kennysheep_little_box, kennysheep_mini, minmay_door_square,
          grunt_gozag_breadcrumbs
D:7:      layout_loops_ring, lemuel_doored_altar, uniq_menkaure
D:8:      layout_layer_cave, grunt_temple_overflow_growth_and_decay,
          amethyst_overflow_temple_binary, eat_drink_and_be_merry_uskayaw,
          chequers_temple_overflow_statue_of_worship, basic_altar, uniq_grum,
          uniq_maurice, uniq_erica, uniq_maggie
Temple:   corrupted_temple

Skill      XL: |  1  2  3  4  5  6  7  8  9 |
---------------+----------------------------+-----
Long Blades    | 3 4 5 6 7 |  7.5
Armour         | 1 2 3 4 5 6 |  6.9
Dodging        | 3 4 5 |  5.9
Fighting       | 3 4 5 6 |  6.4
Invocations    | 1 |  1.6
Throwing       | |  1.7

Action                   |  1- 3 |  4- 6 |  7- 9 || total
-------------------------+-------+-------+-------++-------
Melee: Long sword        |    89 |   230 |    44 ||   363
       Falchion          |       |       |   356 ||   356
       Great sword       |       |       |   115 ||   115
Throw: Throwing net      |       |       |     3 ||     3
Evoke: Wand              |       |       |     3 ||     3
  Use: Scroll            |       |    12 |     9 ||    21
       Potion            |       |       |     7 ||     7
 Stab: Held in net/web   |       |       |     1 ||     1
       Sleeping          |       |       |     1 ||     1
Armor: Leather armour    |    21 |     7 |   208 ||   236
       Ring mail         |    18 |   132 |       ||   150
Dodge: Dodged            |    73 |   178 |   458 ||   709
       Rpst.: Long sword |    28 |    53 |     8 ||    89
       Falchion          |       |       |    68 ||    68
       Great sword       |       |       |    44 ||    44
